 Dungeon Crawl Stone Soup version 0.31-a0-532-g28f74ba3e5 (webtiles) character file.

Game seed: 10043874892777404803

73 HoaS the Shooter (level 4, -1/26 HPs)
             Began as a Tengu Hunter on Aug 12, 2023.
             Slain by a ball python (3 damage)
             ... on level 3 of the Dungeon.
             The game lasted 00:04:40 (1737 turns).

HoaS the Shooter (Tengu Hunter)                     Turns: 1737, Time: 00:04:40

Health: -1/26      AC:  3    Str: 11    XL:     4   Next: 27%
Magic:  5/5        EV:  9    Int: 10    God:
Gold:   118        SH:  0    Dex: 19    Spells: 3/3 levels left

rFire   . . .        a - +0 shortbow
rCold   . . .        (shield currently unavailable)
rNeg    . . .        c - +0 leather armour
rPois   .            (helmet restricted)
rElec   .            (no cloak)
rCorr   .            (no gloves)
SInv    .            (boots unavailable)
Will    .....        (no amulet)
Stlth   ++           (no ring)
HPRegen 0.24/turn    (no ring)
MPRegen 0.09/turn

%: no passive effects
@: constricted
A: beak, talons 3
a: no special abilities


You were on level 3 of the Dungeon.
You visited 1 branch of the dungeon, and saw 3 of its levels.

You collected 118 gold pieces.

Inventory:

Hand Weapons
 a - a +0 shortbow (weapon)
Armour
 c - a +0 leather armour (worn)
Scrolls
 b - a scroll of butterflies
Potions
 d - a potion of invisibility {unknown}
 e - a potion of mutation
 f - a potion of enlightenment {unknown}
 g - a potion of cancellation {unknown}
 h - a potion of curing {unknown}


   Skills:
 - Level 2.0 Fighting
 + Level 6.2 Ranged Weapons
 - Level 2.1 Dodging
 - Level 1.0 Stealth


You had 3 spell levels left.
You didn't know any spells.
Your spell library contained the following spells:

 Spells                   Type           Power      Damage    Failure   Level
 Sandblast                Erth           0%         2d4       45%         1
 Passwall                 Tmut/Erth      0%         N/A       58%         2
 Stone Arrow              Conj/Erth      0%         3d7       83%         3


Dungeon Overview and Level Annotations

Branches:
Dungeon (3/15)

Altars:


Innate Abilities, Weirdness & Mutations

You have a beak for a mouth.
You have claws for feet.


Message History

You are too injured to fight recklessly!
You shoot an arrow. The arrow hits the endoplasm.
The endoplasm is lightly wounded.
The endoplasm hits you.
* * * LOW HITPOINT WARNING * * *
You are too injured to fight recklessly!
You are too injured to fight recklessly!
You are too injured to fight recklessly!
You are too injured to fight recklessly!
You are too injured to fight recklessly!
You are too injured to fight recklessly!
You are too injured to fight recklessly!
You are too injured to fight recklessly!
You are too injured to fight recklessly!
You shoot an arrow. The arrow hits the endoplasm!
You kill the endoplasm!
You shoot an arrow.
The arrow closely misses the ball python.
The ball python bites you but does no damage.
The ball python grabs you. The ball python constricts you.
The ball python bites you.
* * * LOW HITPOINT WARNING * * *
The ball python constricts you.
* * * LOW HITPOINT WARNING * * *
You shoot an arrow.
The arrow barely misses the ball python.
The arrow hits the dart slug.
The dart slug is moderately wounded.
The ball python closely misses you. The ball python constricts you.
You shoot an arrow. The arrow hits the ball python.
The ball python is severely wounded.
The ball python barely misses you. The ball python constricts you.
* * * LOW HITPOINT WARNING * * *
The ball python barely misses you. The ball python constricts you.
You shoot an arrow.
The arrow closely misses the ball python.
The arrow hits the dart slug but does no damage.
The dart slug is moderately wounded.
The ball python bites you.
You die...

###.#####.#
........#.# #.###.#.#
. #.......## ..
####.†#..# #.
#..###..# #. ###.##
#.# #.###....# ...
##+....#@## #..
##.....##S# #..#
##.....##$w. #.#
##.......####. #..#
#.........#.##. .#...#
+............#.#
...... #.........#.##
##....#
##...........###.....#
##.....####..#......#


You could see a dart slug and a ball python.

Vanquished Creatures
  3 adders
  2 worms (D:2)
  A dart slug (D:1)
  4 ball pythons
  4 bats
  An endoplasm (D:3)
  2 giant cockroaches (D:2)
  A goblin (D:1)
  3 hobgoblins
  2 jackals (D:1)
  3 quokkas (D:1)
  5 frilled lizards
  6 kobolds
  2 rats
39 creatures vanquished.

Notes
Turn   | Place    | Note
-------+----------+-------------------------------------------
     0 | D:1      | HoaS the Tengu Hunter began the quest for the Orb.
     0 | D:1      | Reached XP level 1. HP: 12/12 MP: 2/2
   153 | D:1      | Reached XP level 2. HP: 17/17 MP: 3/3
   218 | D:1      | Reached skill level 5 in Ranged Weapons
   905 | D:2      | Reached XP level 3. HP: 17/21 MP: 4/4
  1099 | D:2      | Reached skill level 6 in Ranged Weapons
  1109 | D:2      | Reached XP level 4. HP: 26/26 MP: 5/5
  1737 | D:3      | Slain by a ball python

Illustrated notes

Levels and vault maps discovered:
D:1:      dpeg_arrival_tiny_c, layout_loops_corners
D:2:      layout_basic, minmay_circled_x
D:3:      layout_loops_corners, portal_sewer_entry_b,
          dreamdust_ecumenical_altar_sealed_demon,
          minmay_fractal_squares_gapless_5

Skill      XL: |  1  2  3 |
---------------+----------+-----
Ranged Weapons | 5 6 |  6.2
Fighting       | |  2.0
Dodging        | |  2.1
Stealth        | |  1.0

Action                     |  1- 3 |  4- 6 || total
---------------------------+-------+-------++-------
   Fire: Shortbow          |    74 |    36 ||   110
    Use: Scroll            |     2 |     2 ||     4
 Armour: Leather armour    |     6 |     4 ||    10
  Dodge: Dodged            |     8 |    13 ||    21

Table legend: (Time is in decaauts)
 A = Elapsed time spent in this place.
 B = Non-inter-level travel time spent in this place.
 C = Inter-level travel time spent in this place.
 D = Time resting spent in this place.
 E = Time spent auto-exploring this place.
 F = Levels seen in this place.
 G = Mean time per level.
                   A        B        C        D        E       F      G
               +--------+--------+--------+--------+--------+-----+--------+
         Total |   1756 |   1710 |     46 |     40 |   1454 |   3 |  585.3 |
       Dungeon |   1756 |   1710 |     46 |     40 |   1454 |   3 |  585.3 |
               +--------+--------+--------+--------+--------+-----+--------+

Top non-repeatable levels by time:
     D:1: 878 daAuts
     D:2: 596 daAuts
     D:3: 281 daAuts
